 Dungeon Crawl Stone Soup version 0.17-a0-2122-g03d97ec (webtiles) character file.

84 brucemayne the Chopper (level 4, -1/23 HPs)
             Began as a Vine Stalker Berserker on Oct 21, 2015.
             Was a Follower of Trog.
             Killed from afar by an orc wizard (5 damage)
             ... with a magic dart
             ... on level 3 of the Dungeon.
             The game lasted 00:01:46 (417 turns).

brucemayne the Chopper (Vine Stalker Berserker)      Turns: 417, Time: 00:01:46

Health: -1/23      AC:  3    Str: 20    XL:     4   Next: 46%
Magic:  0/5        EV: 12    Int:  7    God:    Trog [*.....]
Gold:   17         SH:  0    Dex: 14    Spells: 0 memorised, 3 levels left

rFire  . . .     SeeInvis .     a - +0 hand axe
rCold  . . .     Clarity  .     l - +0 leather armour
rNeg   . . .     SustAt   .     (no shield)
rPois  .         Gourm    .     (no helmet)
rElec  .         Spirit   +     (no cloak)
rCorr  .         Warding  .     (no gloves)
rMut   .         Stasis   .     (no boots)
MR     .....                    (no amulet)
Stlth  +.........               (no ring)
                                (no ring)

@: not resistant to hostile enchantments, very unstealthy
A: fangs 2, regeneration 1, magic shield, antimagic bite, no device heal 3, rot
immunity
a: Berserk, Burn Spellbooks, Renounce Religion


You were on level 3 of the Dungeon.
You worshipped Trog.
Trog was aware of your devotion.
You were not hungry.

You visited 1 branch of the dungeon, and saw 3 of its levels.

You collected 17 gold pieces.

Inventory:

Hand Weapons
 a - a +0 hand axe (weapon)
Armour
 b - a +0 animal skin
 l - a +0 leather armour (worn)
Scrolls
 f - 3 scrolls of remove curse {unknown}
 g - a scroll of amnesia {unknown}
 i - 2 scrolls of identify {unknown}
 m - 2 scrolls of noise {unknown}
 n - a scroll of recharging {unknown}
 o - a scroll of magic mapping {unknown}
Potions
 d - a potion of ambrosia {unknown}
 e - a potion of cure mutation {unknown}
 j - 2 potions of curing {unknown}
 k - a potion of haste {unknown}
Books
 h - a Fen Folio

   Spells                             Type                      Level
   a - Corpse Rot                     Necromancy                   2
   b - Stone Arrow                    Conjuration/Earth            3
   c - Leda's Liquefaction            Hexes/Earth                  4
   d - Summon Forest                  Summoning/Translocation      5
   e - Hydra Form                     Transmutation                6
   f - Summon Hydra                   Summoning                    7
   Trog disapproves of the use of such an item.
Comestibles
 c - a bread ration


   Skills:
 - Level 2.6 Fighting
 + Level 4.6 Axes
 - Level 1.5 Armour
 - Level 1.5 Dodging


You had 3 spell levels left.
You didn't know any spells.

Dungeon Overview and Level Annotations

Branches:
Dungeon (3/15)

Altars:
Ashenzari


Innate Abilities, Weirdness & Mutations

You have extremely sharp teeth.
Your natural rate of healing is unusually fast.
When hurt, damage is shared between your health and your magic reserves.
Your bite disrupts and absorbs the magic of your enemies.
Potions and wands cannot restore your health.
You are immune to rotting.


Message History

The puff of flame misses you.
Something tries to affect you, but you resist.
A magic dart appears from out of thin air!
The magic dart hits you!
A puff of flame appears from out of thin air!
The puff of flame hits you!
You feel yourself speed up.
A puff of flame appears from out of thin air!
The puff of flame hits you!
Found a scroll labeled BOATAD ZEKHAE.
Found a stone staircase leading down.
You feel less exhausted.
You see here a scroll labeled BOATAD ZEKHAE.
m - 2 scrolls labeled BOATAD ZEKHAE (gained 1)
A puff of flame appears from out of thin air!
The puff of flame hits you!
* * * LOW HITPOINT WARNING * * *
A magic dart appears from out of thin air!
The magic dart hits you!
You die...

##.... ####. #... .... ##... .
... ########.(.# ... #..
..>.....#.# .... ##..
####.......#.# ..... ..#
#####....####....# .....##.#
##@....###.{...#...
......#.###...######..#####.##
)...........### #..######...
.....##..#.## ####.## #.....#
... #....#####....# ##.##.## .#
. ###.##)...##.#### #..##.#
....####...##.)..#..# ##.###.##
#..^..............#####<.......
####.#########..#........###.##


There were no monsters in sight!

Vanquished Creatures
  An orc priest (D:3)
  An orc wizard (D:3)
  3 giant cockroaches
  2 goblins
  2 hobgoblins
  A kobold (D:1)
  A giant newt (D:1)
  14 rats
25 creatures vanquished.

Notes
Turn   | Place    | Note
--------------------------------------------------------------
     0 | D:1      | brucemayne the Vine Stalker Berserker began the quest for the Orb.
     0 | D:1      | Reached XP level 1. HP: 11/11 MP: 2/2
    23 | D:1      | Reached skill level 3 in Axes
    28 | D:1      | Reached XP level 2. HP: 16/16 MP: 3/3
   319 | D:3      | Found a shattered altar of Ashenzari.
   366 | D:3      | Reached skill level 4 in Axes
   366 | D:3      | Reached XP level 3. HP: 19/19 MP: 4/4
   369 | D:3      | Reached XP level 4. HP: 23/23 MP: 5/5
   417 | D:3      | Killed from afar by an orc wizard

Vault maps used:
D:1:      erik_arrival_orb_chamber, minivault_4
D:2:      serial_glass, glass_columns_a, glass_columns_b, glass_columns_a,
          glass_columns_c, glass_columns_b, first_bread,
          fedhas_altar_fruit_tree, uniq_iyjb
D:3:      evilmike_ruin_ashenzari

Action                   |  1- 3 |  4- 6 || total
-------------------------+-------+-------++-------
Melee: Hand axe          |    65 |       ||    65
Invok: Berserk           |     1 |       ||     1
